 Dungeon Crawl Stone Soup version 0.24.0-2-g5b39cebb1c (webtiles) character file.

Game seed: 6006111358877466579, levelgen mode: deterministic

2591 Mrkan the Grappler (level 9, -2/89 HPs)
             Began as a Troll Hunter on Oct 29, 2019.
             Was a Believer of Yredelemnul.
             Slain by a bullfrog (6 damage)
             ... on level 6 of the Dungeon.
             The game lasted 00:10:38 (4677 turns).

Mrkan the Grappler (Troll Hunter)                   Turns: 4677, Time: 00:10:39

Health: -2/89      AC:  9    Str: 22    XL:     9   Next: 33%
Magic:  17/17      EV: 10    Int: 10    God:    Yredelemnul [**....]
Gold:   317        SH:  0    Dex: 10    Spells: 8/8 levels left

rFire    . . .     SeeInvis .     - Unarmed
rCold    . . .     Gourm    +   (no shield)
rNeg     . . .     Faith    .   b - +0 robe
rPois    .         Spirit   .   (helmet restricted)
rElec    .         Reflect  .   r - +2 cloak
rCorr    .         Harm     .   (gloves unavailable)
MR       .....                  (boots unavailable)
Stlth    +.........             (no amulet)
HPRegen  0.64/turn              o - ring of magical power
MPRegen  0.15/turn              (no ring)

@: very slightly contaminated
A: large, unfitting armour, claws 3, fast metabolism 3, gourmand, regeneration
1, shaggy fur 1, tough skin 3
a: Animate Remains, Recall Undead Slaves, Injury Mirror, Renounce Religion


You were on level 6 of the Dungeon.
You worshipped Yredelemnul.
Yredelemnul was pleased with you.
You were very full.

You visited 1 branch of the dungeon, and saw 6 of its levels.
You also visited: Sewer.

You collected 317 gold pieces.

Inventory:

Hand Weapons
 E - a cursed +0 giant spiked club
Missiles
 c - 5 large rocks (quivered)
 d - 3 throwing nets
 I - 6 javelins
Armour
 b - a +0 robe (worn)
 r - a +2 cloak (worn)
Jewellery
 o - a ring of magical power (left claw)
 u - an uncursed amulet of magic regeneration {unknown}
 y - a +4 ring of strength {unknown}
Wands
 l - a wand of flame (10)
 n - a wand of enslavement (2)
 t - a wand of iceblast (4)
 z - a wand of acid (4)
Scrolls
 a - 2 scrolls of blinking
 j - 3 scrolls of remove curse {unknown}
 k - 4 scrolls of teleportation {unknown}
 p - a scroll of enchant armour {unknown}
 q - 2 scrolls of immolation {unknown}
 w - a scroll of magic mapping {unknown}
 B - a scroll of random uselessness {unknown}
 C - 2 scrolls of identify {unknown}
 F - a scroll of enchant weapon {unknown}
 J - a scroll of amnesia {unknown}
Potions
 e - a potion of curing
 h - 3 potions of lignification {unknown}
 i - 2 potions of haste {unknown}
 m - 3 potions of ambrosia {unknown}
 s - 2 potions of magic {unknown}
 v - 3 potions of brilliance {unknown}
 x - a potion of might {unknown}
 A - a potion of agility
 D - a potion of mutation {unknown}
 H - a potion of cancellation {unknown}
Comestibles
 f - 9 rations


   Skills:
 + Level 6.3 Fighting
 - Level 3.6 Throwing
 - Level 1.5 Dodging
 - Level 0.3 Stealth
 * Level 10.3 Unarmed Combat


You had 8 spell levels left.
You didn't know any spells.
Your spell library was empty.

Dungeon Overview and Level Annotations

Branches:
Dungeon (6/15)             Temple (0/1) D:5           Sewer (visited)

Altars:
Ashenzari
Gozag
Okawaru
Qazlal
Wu Jian
Xom
Yredelemnul

Annotations:
D:4 1 runed translucent door, Looknius's ghost, weakling DsAK


Innate Abilities, Weirdness & Mutations

You are too large for most types of armour.
You have claws for hands.
Your metabolism is lightning-fast.
You like to eat raw meat.
Your natural rate of healing is unusually fast.
You are covered in fur. (AC +1)
You have extremely tough skin. (AC +3)


Message History

You hear some strange, mumbled words.
A puff of frost appears from out of thin air!
The puff of frost hits you!
* * * LOW HITPOINT WARNING * * *
An orc wizard appears from thin air!
Reactivating autopickup.
The orc wizard points at you and mumbles some strange words.
The magic dart hits you.
* * * LOW HITPOINT WARNING * * *
You claw the orc wizard!
You kill the orc wizard!
Yredelemnul accepts your kill. The bullfrog hits you.
* * * LOW HITPOINT WARNING * * *
The bullfrog hits you.
* * * LOW HITPOINT WARNING * * *
The bullfrog closely misses you. The bullfrog hits you.
You die...
Your body rises from the dead as a mindless zombie.

#()o(o..(....# ...
#†)(%....o#..........
#(†#...##o##.#......
####..###5.### ...#
##....## #.o.####l##
#......####........#
##......# ###...l###
##....<.## ##.o##
##.....@.# ##...##
........F## ###.#...#.
####.##..#####...........
###......5.o..........
#.....................
#..##....##...........
##.........#.>........
......##..#.##......$
.....#####...# .....>


You could see a bullfrog.

Vanquished Creatures
  Pikel (D:6)
  A hippogriff (D:4)
  Duvessa (D:5)
  A sky beast (D:5)
  An ice beast (D:5)
  An orc warrior (D:6)
  An ogre (D:4)
  3 centaurs
  4 bullfrogs (D:6)
  Dowan (D:5)
  A scorpion (D:5)
  2 howler monkeys
  A vampire bat (D:6)
  A crimson imp (D:5)
  An orc priest (D:5)
  A gnoll shaman (D:4)
  A bullfrog skeleton (D:4)
  6 orc wizards
  Jessica (D:2)
  Natasha (D:3)
  Ijyb (D:3)
  Terence (D:2)
  6 worker ants
  4 gnolls (D:4)
  15 adders
  A shadow imp (D:6)
  An ooze (D:5)
  An adder zombie (D:5)
  An adder skeleton (D:4)
  2 worms (D:3)
  A dart slug (D:3)
  3 leopard geckos
  21 orcs
  5 ball pythons
  9 bats
  7 giant cockroaches
  7 goblins
  13 hobgoblins
  15 jackals
  11 kobolds
  2 quokkas (D:4)
  11 frilled lizards
  A jackal skeleton (D:4)
  13 rats
  A spectral orc (D:4)
184 creatures vanquished.

Vanquished Creatures (others)
  4 slaves (D:6)
  2 bats (D:6)
6 creatures vanquished.

Grand Total: 190 creatures vanquished

Notes
Turn   | Place    | Note
-------+----------+-------------------------------------------
     0 | D:1      | Mrkan the Troll Hunter began the quest for the Orb.
     0 | D:1      | Reached XP level 1. HP: 19/19 MP: 0/0
    32 | D:1      | Reached skill level 1 in Unarmed Combat
    47 | D:1      | Reached XP level 2. HP: 28/28 MP: 1/1
   291 | D:1      | Reached skill level 2 in Unarmed Combat
   533 | D:1      | Reached XP level 3. HP: 35/35 MP: 2/2
   686 | D:2      | Noticed Terence
   697 | D:2      | Killed Terence
   713 | D:2      | Reached skill level 3 in Unarmed Combat
   713 | D:2      | Reached XP level 4. HP: 29/44 MP: 3/3
   764 | D:2      | Noticed Jessica
   776 | D:2      | Killed Jessica
   850 | D:2      | Reached XP level 5. HP: 44/50 MP: 4/4
   998 | D:2      | Found a shattered altar of Ashenzari.
  1075 | D:2      | Found a faded altar of an unknown god.
  1084 | D:2      | Reached skill level 4 in Unarmed Combat
  1511 | D:3      | Found an iron altar of Okawaru.
  1512 | D:3      | Noticed Natasha
  1538 | D:3      | Killed Natasha
  1554 | D:3      | Found a glowing drain.
  1577 | Sewer    | Entered a sewer
  1665 | Sewer    | Reached XP level 6. HP: 42/61 MP: 5/5
  2149 | D:3      | Found an ornate altar of the Wu Jian Council.
  2167 | D:3      | Noticed Ijyb
  2181 | D:3      | Killed Ijyb
  2181 | D:3      | Reached skill level 5 in Unarmed Combat
  2303 | D:3      | Found an opulent altar of Gozag.
  2637 | D:4      | Noticed a hippogriff
  2640 | D:4      | Found a runed translucent door.
  2644 | D:4      | Killed a hippogriff
  2646 | D:4      | Noticed Looknius's ghost (weakling DsAK)
  2661 | D:4      | Reached skill level 6 in Unarmed Combat
  2661 | D:4      | Reached XP level 7. HP: 54/68 MP: 6/6
  2720 | D:4      | Found a shimmering altar of Xom.
  2811 | D:4      | Found a basalt altar of Yredelemnul.
  2817 | D:4      | Became a worshipper of Yredelemnul the Dark
  2834 | D:4      | Found a stormy altar of Qazlal.
  3288 | D:4      | Reached skill level 7 in Unarmed Combat
  3309 | D:4      | Reached * piety under Yredelemnul
  3636 | D:5      | Entered Level 5 of the Dungeon
  3694 | D:5      | Reached XP level 8. HP: 70/79 MP: 7/7
  3948 | D:5      | Reached skill level 8 in Unarmed Combat
  4067 | D:5      | Found a staircase to the Ecumenical Temple.
  4141 | D:5      | Reached skill level 5 in Fighting
  4205 | D:5      | Noticed Duvessa
  4206 | D:5      | Noticed Dowan
  4225 | D:5      | Killed Duvessa
  4248 | D:5      | Killed Dowan
  4582 | D:6      | Reached skill level 9 in Unarmed Combat
  4600 | D:6      | Noticed Pikel
  4632 | D:6      | Killed Pikel
  4632 | D:6      | Reached skill level 10 in Unarmed Combat
  4632 | D:6      | Reached XP level 9. HP: 32/89 MP: 8/8
  4638 | D:6      | Reached ** piety under Yredelemnul
  4653 | D:6      | HP: 1/89 [bullfrog (4)]
  4668 | D:6      | HP: 4/89 [orc wizard/magic dart (5)]
  4673 | D:6      | HP: 1/89 [bullfrog (4)]
  4677 | D:6      | Slain by a bullfrog

Levels and vault maps discovered:
D:1:      ncdulo_wetmaze, layout_loops_ring
D:2:      layout_rooms, nicolae_overflow_crystal_walls,
          chequers_ecumenical_altar_grove, uniq_jessica, uniq_terence
D:3:      layout_loops_ring, lemuel_doored_altar, old_standard_altar,
          nicolae_overflow_hidden_temple, portal_sewer_entry_b, uniq_natasha,
          uniq_ijyb
D:4:      minmay_recursive_quarters, layout_basic, tgw_xom, grunt_qazlal_clouds,
          yredelemnul_forgotten_temple_becter, ebering_ghost_sewer_d,
          minmay_joined_circles
D:5:      layout_basic, minmay_temple_entry_fiery, first_ration,
          chequers_big_river, uniq_duvessa
D:6:      layout_cave_pools, elyvilon_altar_3, roderic_batcave, uniq_pikel

Skill      XL: |  1  2  3  4  5  6  7  8 |
---------------+-------------------------+-----
Unarmed Combat | 1 2 3 4 6 7 10 | 10.3
Fighting       | 2 3 4 6 |  6.3
Throwing       | |  3.6
Dodging        | |  1.5
Stealth        | |  0.3

Action                   |  1- 3 |  4- 6 |  7- 9 || total
-------------------------+-------+-------+-------++-------
Melee: Unarmed           |   105 |   225 |   250 ||   580
       Punch             |       |     2 |     4 ||     6
  Use: Potion            |     1 |       |     3 ||     4
       Scroll            |       |       |     1 ||     1
  Eat: Chunk             |     8 |    18 |    23 ||    49
Armor: Robe              |    44 |   110 |   193 ||   347
Dodge: Dodged            |    53 |   131 |   187 ||   371
